 Dungeon Crawl Stone Soup version 0.32-a0-913-g739538afd8 (webtiles) character file.

Game seed: 283872906014699664

510 ragingrage the Cudgeller (level 6, -1/44 HPs)
             Began as a Mummy Brigand on Apr 9, 2024.
             Was an Initiate of Gozag.
             Slain by a sleepcap (8 damage)
             ... on level 5 of the Dungeon.
             The game lasted 00:05:54 (4193 turns).

ragingrage the Cudgeller (Mummy Brigand)            Turns: 4193, Time: 00:05:55

Health: -1/44      AC: -2    Str: 15    XL:     6   Next: 98%
Magic:  6/6        EV: 10    Int: 10    God:    Gozag
Gold:   21         SH:  0    Dex: 21    Spells: 5/5 levels left

rFire   + + .        b - +1 whip (drain)
rCold   + . .        (no shield)
rNeg    + + +        o - +1 leather armour {rF+}
rPois   ∞            (no helmet)
rElec   +            c - +0 cloak
rCorr   +            n - +0 pair of gloves
SInv    .            (no boots)
Will    .....        (no amulet)
Stlth   +            g - +6 ring of dexterity
HPRegen 0.27/turn    q - ring of fire
MPRegen 0.10/turn

%: faith
@: mighty, on fire, resistant, marked, corroded, glowing
A: cold resistance 1, negative energy resistance 3, torment resistance 2, heat
vulnerability 1, in touch with death 1, no potions, faith
a: Renounce Religion, Potion Petition, Call Merchant, Bribe Branch


You were on level 5 of the Dungeon.
You worshipped Gozag.
Gozag was noncommittal.
You visited 2 branches of the dungeon, and saw 6 of its levels.

You collected 448 gold pieces.
You paid 427 gold pieces to Gozag.

Inventory:

Hand Weapons
 a - a +2 dagger
 b - a +1 whip of draining (weapon)
 f - the +12 lajatang "Bebbarchug" {freeze, rCorr Str+2 Dex+3}
   (You acquired it on level 5 of the Dungeon)

   Str+2:     It affects your strength (+2).
   Dex+3:     It affects your dexterity (+3).
   rCorr:     It protects you from acid and corrosion.
 k - a +0 flail
Missiles
 d - 19 poisoned darts (quivered)
 e - 2 curare-tipped darts
Armour
 c - a +0 cloak (worn)
 l - a +0 scale mail
 n - a +0 pair of gloves (worn)
 o - a +1 leather armour of fire resistance (worn)
Jewellery
 g - a +6 ring of dexterity (left hand)
 q - a ring of fire (right hand)
 r - a ring of ice
Scrolls
 j - a scroll of enchant weapon
 m - a scroll of fog
 p - a scroll of identify


   Skills:
 - Level 2.0 Fighting
 - Level 2.8 Short Blades
 + Level 5.3 Maces & Flails
 - Level 2.0 Throwing
 - Level 0.7 Dodging
 - Level 3.2 Stealth


You had 5 spell levels left.
You didn't know any spells.
Your spell library was empty.

Dungeon Overview and Level Annotations

Branches:
Dungeon (5/15)             Temple (1/1) D:4

Altars:
Ashenzari
Cheibriados
Dithmenos
Gozag
Hepliaklqana
Kikubaaqudgha
Makhleb
Okawaru
Qazlal
Ru
Sif Muna
Trog
Vehumet
Wu Jian

Shops:
D:1 [

Annotations:
D:2 Terence
D:4 exclusions: downstairs and jelly
D:5 exclusion: 2 jellies, Eustachio


Innate Abilities, Weirdness & Mutations

You are immune to poison.
Your flesh is cold resistant. (rC+)
You are immune to negative energy. (rN+++)
You are immune to unholy pain and torment.
You are vulnerable to heat. (rF-)
You are in touch with the powers of death.
You do not drink.
You have a special connection with the divine. (Faith)


Message History

It was a scroll of fog.
The bombardier beetle barely misses you.
The crimson imp shouts!
As you read the scroll labelled OHEPUBREUJ, it crumbles to dust.
It is a scroll of identify.
j - a scroll of enchant weapon A malevolent force fills the Dungeon...
With a horrendous wail, an alarm goes off!
A sentinel's mark forms upon you.
You hear a shout! x5
Okay, then.
A sleepcap comes into view.
You aren't carrying any items that you can evoke.
Okay, then.
Okay, then.
This is a scroll of acquirement!
Something appears at your feet!
f - the +12 lajatang "Bebbarchug" {freeze, rCorr Str+2 Dex+3} The sleepcap releases spores at you!
* * * LOW HITPOINT WARNING * * *
As you read the scroll labelled MASKA DUGOSMY, it crumbles to dust.
You hear a loud clanging noise!
It was a scroll of noise.
The sleepcap releases spores at you.
* * * LOW HITPOINT WARNING * * *
The bombardier beetle sprays incendiary fluid at you.
The burning spray hits you.
You are covered in liquid fire!
The crimson imp blinks!
You can't drink.
Okay, then. [a] - 972 gold - resistance, might, haste, brilliance and magic [b] - 392 gold - might and resistance [c] - 780 gold - resistance, invisibility, heal wounds and curing Purchase which effect?
You no longer have enough gold to petition Gozag for potion effects.
You feel very mighty all of a sudden.
You feel protected. The liquid fire burns you!
The sleepcap releases spores at you!
You die...
Your body crumbles into a pile of gold.

### ... #. .... #. ##..
#.##.##...#
#.##.#.#...##
#.....##..#.############
#.##..##..5.@B..@f....(#
.....§###§#.##########.#
#.##.§§§§§§§§..#
..##.§#§#@####.#
#.##§.##5§# #
...5.@.§.§# #.##........
#.##..##.#### #.##..##.#


You could see Eustachio, a sleepcap, a bombardier beetle and a crimson imp
(summoned).

Vanquished Creatures
  A water moccasin (D:5)
  A centaur (D:5)
  3 orc priests
  A gnoll bouda (D:4)
  An iguana (D:4)
  5 adders
  3 gnolls
  A white imp (D:5)
  3 dart slugs
  10 orcs
  2 bats (D:1)
  6 endoplasms
  5 giant cockroaches
  6 goblins
  9 hobgoblins
  6 quokkas
  4 ball pythons
  2 frilled lizards
  12 kobolds
  5 rats
86 creatures vanquished.

Notes
Turn   | Place    | Note
-------+----------+-------------------------------------------
     0 | D:1      | ragingrage the Mummy Brigand began the quest for the Orb.
     0 | D:1      | Reached XP level 1. HP: 16/16 MP: 1/1
   120 | D:1      | Reached XP level 2. HP: 22/22 MP: 2/2
   263 | D:1      | Found Qoinaam's Antique Armour Shop.
   679 | D:2      | Reached XP level 3. HP: 27/27 MP: 3/3
   917 | D:2      | Reached skill level 1 in Maces & Flails
  1330 | D:2      | Noticed Terence
  1359 | D:4      | Found a staircase to the Ecumenical Temple.
  1368 | Temple   | Entered the Ecumenical Temple
  1385 | Temple   | Became a worshipper of Gozag Ym Sagoz the Greedy
  1521 | D:3      | Found a shadowy altar of Dithmenos.
  1529 | D:3      | Found a radiant altar of Vehumet.
  1891 | D:3      | Reached skill level 2 in Maces & Flails
  1891 | D:3      | Reached XP level 4. HP: 33/33 MP: 4/4
  2298 | D:3      | Found an iron altar of Okawaru.
  2412 | D:3      | Reached skill level 3 in Maces & Flails
  2629 | D:4      | Reached XP level 5. HP: 38/38 MP: 5/5
  2678 | D:4      | Found a stormy altar of Qazlal.
  2702 | D:4      | Noticed a water elemental
  2709 | D:4      | Noticed a fire elemental
  2716 | D:4      | Noticed an air elemental
  3006 | D:4      | Reached skill level 4 in Maces & Flails
  3473 | D:5      | Entered Level 5 of the Dungeon
  3801 | D:4      | Reached XP level 6. HP: 44/44 MP: 6/6
  4031 | D:5      | Noticed a water moccasin
  4051 | D:5      | Killed a water moccasin
  4052 | D:5      | Reached skill level 5 in Maces & Flails
  4171 | D:5      | Noticed Eustachio
  4190 | D:5      | Identified a scroll of acquirement
  4190 | D:5      | Acquired the +12 lajatang "Bebbarchug" {freeze, rCorr Str+2
                  | Dex+3}
  4193 | D:5      | Slain by a sleepcap

Illustrated notes

Levels and vault maps discovered:
D:1:      shiori_arrival_oz, layout_basic, serial_shops, shop
D:2:      layout_basic, uniq_terence
D:3:      layout_loops_ring, mainiacjoe_overflow_alcove_2, marbit_many_paths,
          mainiacjoe_overflow_large_starburst
D:4:      layout_basic, nicolae_qazlal_style_of_elements,
          minmay_temple_entry_mist
D:5:      layout_loops_ring, grunt_ministairs_1, uniq_eustachio
Temple:   nicolae_temple_ecumenical_triangle

Skill      XL: |  1  2  3  4  5  6 |
---------------+-------------------+-----
Short Blades   | 2 |  2.8
Maces & Flails | 2 3 4 5 |  5.3
Throwing       | 2 |  2.0
Fighting       | |  2.0
Dodging        | |  0.7
Stealth        | |  3.2

Action                     |  1- 3 |  4- 6 || total
---------------------------+-------+-------++-------
  Melee: Dagger            |    40 |       ||    40
         Whip              |    55 |   180 ||   235
  Throw: Dart              |    14 |     8 ||    22
 Invoke: Potion Petition   |       |     1 ||     1
    Use: Scroll            |       |     6 ||     6
   Stab: Sleeping          |     4 |     2 ||     6
 Armour: Robe              |    23 |       ||    23
         Scale mail        |    29 |    52 ||    81
         Leather armour    |       |    53 ||    53
  Dodge: Dodged            |    39 |    88 ||   127

Table legend: (Time is in decaauts)
 A = Elapsed time spent in this place.
 B = Non-inter-level travel time spent in this place.
 C = Inter-level travel time spent in this place.
 D = Time resting spent in this place.
 E = Time spent auto-exploring this place.
 F = Levels seen in this place.
 G = Mean time per level.
                   A        B        C        D        E       F      G
               +--------+--------+--------+--------+--------+-----+--------+
         Total |   4180 |   3902 |    278 |    421 |   2483 |   6 |  696.7 |
       Dungeon |   4153 |   3900 |    253 |    421 |   2483 |   5 |  830.6 |
        Temple |     26 |      1 |     25 |      0 |      0 |   1 |   26.0 |
               +--------+--------+--------+--------+--------+-----+--------+

Top non-repeatable levels by time:
     D:4: 1257 daAuts
     D:2: 894 daAuts
     D:3: 855 daAuts
     D:1: 692 daAuts
     D:5: 454 daAuts
  Temple: 26 daAuts
